 Dungeon Crawl Stone Soup version 0.31.0-11-ge490571c62 (webtiles) character file.

Game seed: 8848497343169442858

3379 Rassilon the Martial Artist (level 9, -7/72 HPs)
             Began as a Demonspawn Monk on Jan 30, 2024.
             Was an Elder of Wu Jian.
             Mangled by a gargoyle
             ... wielding a +0 mace
              (11 damage)
             ... on level 7 of the Dungeon.
             The game lasted 00:20:55 (7217 turns).

Rassilon the Martial Artist (Demonspawn Monk)       Turns: 7217, Time: 00:20:56

Health: -7/72      AC:  7    Str: 12    XL:     9   Next: 74%
Magic:  9/9        EV: 16    Int: 11    God:    Wu Jian [****..]
Gold:   440        SH:  0    Dex: 19    Spells: 8/8 levels left

rFire   . .          .
                       - Unarmed
rCold   + . .        c - orb {light}
rNeg    . . .        a - +1 robe
rPois   .            m - +0 helmet
rElec   .            (no cloak)
rCorr   .            (no gloves)
SInv    .            (boots unavailable)
Will    +....        (no amulet)
Stlth   +            e - ring of protection from cold
HPRegen 0.32/turn    v - ring of willpower
MPRegen 0.11/turn

%: no passive effects
@: glowing
A: hooves 3, yellow scales 2, foul stench 2
a: Renounce Religion, Wall Jump, Serpent's Lash


You were on level 7 of the Dungeon.
You worshipped Wu Jian.
Wu Jian was greatly pleased with you.
You visited 2 branches of the dungeon, and saw 8 of its levels.

You collected 440 gold pieces.

Inventory:

Armour
 a - a +1 robe (worn)
 c - an orb of light (worn)
 m - a +0 helmet (worn)
Jewellery
 e - a ring of protection from cold (left hand)
 v - a ring of willpower (right hand)
Talismans
 k - a talisman of death
Wands
 o - a wand of light (6)
 p - a wand of flame (21)
 t - a wand of iceblast (8)
 u - a wand of mindburst (7)
Scrolls
 f - a scroll of teleportation
 l - 2 scrolls of enchant armour
 n - a scroll of identify
 r - a scroll of enchant weapon
Potions
 d - 3 potions of brilliance
 g - a potion of magic
 h - a potion of haste
 i - a potion of mutation
 j - 3 potions of attraction
 q - 2 potions of curing


   Skills:
 + Level 7.1 Fighting
 + Level 6.5 Dodging
 * Level 8.9 Unarmed Combat
 + Level 3.9 Shapeshifting


You had 8 spell levels left.
You didn't know any spells.
Your spell library contained the following spells:

 Spells                   Type           Power      Damage    Failure   Level
 Shock                    Conj/Air       0%         1d3       34%         1
 Ensorcelled Hibernation  Hex/Ice        0%         N/A       47%         2
 Passwall                 Erth           0%         N/A       71%         3
 Swiftness                Air            0%         N/A       71%         3
 Airstrike                Air            0%         2d(0-16)  98%         4


Dungeon Overview and Level Annotations

Branches:
Dungeon (7/15)             Temple (1/1) D:5

Altars:
Ashenzari
Cheibriados
Dithmenos
Fedhas
Hepliaklqana
Kikubaaqudgha
Makhleb
Nemelex Xobeh
Okawaru
Qazlal
Sif Muna
Trog
Uskayaw
Vehumet
Wu Jian
Xom

Shops:
D:4 ([   D:7 (


Innate Abilities, Weirdness & Mutations

You have hooves in place of feet.
You are mostly covered in yellow scales. (AC +3)
You sometimes emit foul miasma when damaged in melee.


Message History

The Council accepts your kill.
The gargoyle hurls a stone arrow at you.
The stone arrow hits you!
You spin and attack the gargoyle.
You hit the gargoyle but do no damage. You kick the gargoyle.
The gargoyle is lightly damaged.
The gargoyle hurls a stone arrow at you.
The stone arrow misses you.
Unknown command.
You spin and attack the gargoyle repeatedly.
You hit the gargoyle but do no damage.
The gargoyle is lightly damaged.
You hit the gargoyle but do no damage. You kick the gargoyle.
The gargoyle is moderately damaged.
The gargoyle misses you.
Aiming: Wall Jump
Press: ? - help, Dir - move target You repeatedly attack the gargoyle from above.
You hit the gargoyle but do no damage.
You kick the gargoyle, but do no damage.
The gargoyle is moderately damaged.
You hit the gargoyle but do no damage.
The gargoyle is moderately damaged.
You hit the gargoyle but do no damage.
The gargoyle is moderately damaged.
The gargoyle hurls a stone arrow at you.
The stone arrow hits you!!
* * * LOW HITPOINT WARNING * * *
The gargoyle closely misses you.
You spin and attack the gargoyle.
You punch the gargoyle!
You kick the gargoyle, but do no damage.
The gargoyle is heavily damaged.
The gargoyle hits you with a +0 mace!
* * * LOW HITPOINT WARNING * * *
Unknown command.
You spin and attack the gargoyle.
You hit the gargoyle but do no damage.
You kick the gargoyle, but do no damage.
The gargoyle is heavily damaged.
The gargoyle hits you with a +0 mace!
You die... #........# #.# #........########.# ... #........'........# #####.### ###........##..###### ...♣.♣.. ....(......###.#♣♣.♣♣ ≈≈~≈~≈≈ ...####+##.# #.#♣...♣# c§5lh ......#.##.# #.#.[...# Y9l

......#.##.# #.#...$.# ♣o♣
......#.##.# #.#@9...########$###
......#.##.###.#.♣♣♣.#.....#.5.#.
......#........#♣.♣.♣♣♣...♣♣..)♣.
.........#.#.....♣♣♣...♣.♣.'>8<'.
.........#.#.#.#♣.♣.♣♣♣...♣♣...♣.
.........#.....#.♣♣♣.#.....#...#.
.........#.#...#)....########h###
.........+.....#9....# ...
.#.......#.##..#..K..# ♣...


You could see a gargoyle.

Vanquished Creatures
  2 wyverns (D:7)
  A steam dragon (D:7)
  Menkaure (D:6)
  Edmund (D:6)
  A water moccasin (D:4)
  An orc warrior (D:7)
  2 sky beasts
  2 black bears
  2 ice beasts (D:7)
  3 ogres
  3 centaurs
  A phantom (D:5)
  2 kobold brigands (D:7)
  3 bullfrogs
  7 scorpions
  A bombardier beetle (D:6)
  A howler monkey (D:6)
  A lava snake (D:7)
  4 hounds
  A jelly (D:6)
  A gnoll bouda (D:4)
  5 iguanas
  Natasha (thrice) (D:4)
  4 gnolls (D:4)
  6 adders
  3 white imps
  An ufetubus (D:7)
  3 dart slugs
  2 ribbon worms
  6 orcs
  2 bats
  6 endoplasms
  10 giant cockroaches
  4 goblins
  5 hobgoblins
  3 kobolds
  3 quokkas
  5 ball pythons
  3 frilled lizards
  2 rats
  3 butterflies (D:5)
120 creatures vanquished.

Vanquished Creatures (others)
  A centaur (D:7)
  An orc (D:7)
2 creatures vanquished.

Grand Total: 122 creatures vanquished

Notes
Turn   | Place    | Note
-------+----------+-------------------------------------------
     0 | D:1      | Rassilon the Demonspawn Monk began the quest for the Orb.
     0 | D:1      | Reached XP level 1. HP: 18/18 MP: 1/1
   138 | D:1      | Reached skill level 3 in Unarmed Combat
   155 | D:1      | Gained mutation: You may rarely emit foul miasma when
                  | damaged in melee. [demonic ancestry]
   155 | D:1      | Reached XP level 2. HP: 20/24 MP: 2/2
   588 | D:2      | Reached XP level 3. HP: 29/29 MP: 3/3
  1204 | D:3      | Found an ornate altar of the Wu Jian Council.
  1229 | D:3      | Became a worshipper of the Wu Jian Council
  1229 | D:3      | Reached * piety under Wu Jian
  1229 | D:3      | Reached ** piety under Wu Jian
  1311 | D:3      | Found a broken altar of Ashenzari.
  1565 | D:3      | Gained mutation: You are partially covered in yellow
                  | scales. (AC +2) [demonic ancestry]
  1565 | D:3      | Reached XP level 4. HP: 33/35 MP: 4/4
  2262 | D:4      | Noticed a water moccasin
  2273 | D:4      | Killed a water moccasin
  2274 | D:4      | Reached skill level 4 in Unarmed Combat
  2274 | D:4      | Gained mutation: You have large cloven feet. [demonic
                  | ancestry]
  2274 | D:4      | Reached XP level 5. HP: 20/42 MP: 5/5
  2397 | D:4      | Noticed an ogre
  2409 | D:4      | Killed an ogre
  2410 | D:4      | Gained mutation: You have hoof-like feet. [demonic
                  | ancestry]
  2410 | D:4      | Reached XP level 6. HP: 26/48 MP: 6/6
  2521 | D:4      | Found Efadur's Armour Emporium.
  2586 | D:4      | Reached skill level 5 in Unarmed Combat
  2679 | D:4      | Noticed Natasha
  2687 | D:4      | Killed Natasha
  2738 | D:4      | Found Zaloel's Weapon Emporium.
  2808 | D:4      | Noticed Natasha
  2812 | D:4      | Killed Natasha
  2893 | D:4      | Noticed Natasha
  2900 | D:4      | Killed Natasha
  3249 | D:5      | Entered Level 5 of the Dungeon
  3335 | D:5      | Gained mutation: You are mostly covered in yellow scales.
                  | (AC +3) [demonic ancestry]
  3335 | D:5      | Reached XP level 7. HP: 41/55 MP: 7/7
  3400 | D:5      | Found a radiant altar of Vehumet.
  3449 | D:5      | Found a staircase to the Ecumenical Temple.
  3461 | Temple   | Entered the Ecumenical Temple
  3607 | D:5      | Reached skill level 5 in Fighting
  3740 | D:5      | Found a runed translucent door.
  3742 | D:5      | Found a runed translucent door.
  3754 | D:5      | Reached skill level 6 in Unarmed Combat
  4007 | D:5      | Reached *** piety under Wu Jian
  4066 | D:5      | Found a hazy altar of Hepliaklqana.
  4227 | D:5      | Reached skill level 1 in Shapeshifting
  4239 | D:5      | Gained mutation: You sometimes emit foul miasma when
                  | damaged in melee. [demonic ancestry]
  4239 | D:5      | Reached XP level 8. HP: 25/63 MP: 8/8
  4240 | D:5      | Reached skill level 5 in Dodging
  4493 | D:6      | Found a shimmering blue altar of Sif Muna.
  4845 | D:6      | Noticed Edmund
  4854 | D:6      | Killed Edmund
  4855 | D:6      | Reached skill level 7 in Unarmed Combat
  5245 | D:6      | Noticed Menkaure
  5255 | D:6      | Killed Menkaure
  5515 | D:6      | Found a snail-covered altar of Cheibriados.
  5675 | D:7      | Gained mutation: You have hooves in place of feet. [demonic
                  | ancestry]
  5675 | D:7      | Reached XP level 9. HP: 32/69 MP: 9/9
  6010 | D:7      | Found Vysint's Weapon Emporium.
  6252 | D:7      | Reached skill level 8 in Unarmed Combat
  6822 | D:7      | Reached **** piety under Wu Jian
  6828 | D:7      | Noticed a gargoyle
  7217 | D:7      | Mangled by a gargoyle

Illustrated notes

Levels and vault maps discovered:
D:1:      heliophobic_arrival_enchanted_forest, layout_rooms
D:2:      layout_rooms, serial_glass, glass_columns_b, glass_columns_b
D:3:      layout_loops_corners, mainiacjoe_overflow_chevrons,
          amcnicky_altar_gilded
D:4:      layout_loops_ring, serial_shops, kennysheep_little_box,
          nicolae_shop_hallway_plus, chequers_serial_rivers_micro_b,
          uniq_natasha
D:5:      lemuel_insect_pit, layout_cave_pods, mainiacjoe_overflow_brackets,
          mainiacjoe_overflow_alcove_2, temple_fountains
D:6:      layout_loops_ring, lemuel_coloured_pillars_altar,
          hellmonk_sif_muna_bookshelves, uniq_menkaure, uniq_edmund
D:7:      nzn_winding_woodlands_stair_cross
          [nzn_winding_woodlands_5x15_split_checker,
          nzn_winding_woodlands_center_garden,
          nzn_winding_woodlands_5x15_river_crossing,
          nzn_winding_woodlands_5x5_perimeter, nzn_winding_woodlands_hourglass,
          nzn_winding_woodlands_5x15_concentric,
          nzn_winding_woodlands_center_pierced_h,
          nzn_winding_woodlands_5x15_parted], layout_basic, serial_shops,
          nicolae_shop_pleasant_corner_grove, grunt_decor_junction
Temple:   chequers_temple_sunken

Skill      XL: |  1  2  3  4  5  6  7  8  9 |
---------------+----------------------------+-----
Unarmed Combat | 3 4 5 6 7 8 |  8.9
Dodging        | 3 4 5 6 |  6.5
Fighting       | 4 5 6 7 |  7.1
Shapeshifting  | 1 2 3 |  3.9

Action                     |  1- 3 |  4- 6 |  7- 9 || total
---------------------------+-------+-------+-------++-------
  Melee: Unarmed           |   100 |    86 |   291 ||   477
         Kick              |       |    31 |   112 ||   143
Ability: Lunge             |     2 |    10 |    15 ||    27
         Wall Jump         |     2 |     2 |    16 ||    20
         Whirlwind         |       |    12 |   113 ||   125
    Use: Scroll            |       |    14 |     5 ||    19
         Potion            |       |     2 |     4 ||     6
 Armour: Robe              |    34 |    43 |   152 ||   229
  Dodge: Dodged            |    43 |    49 |   176 ||   268
         Form:             |     1 |       |       ||     1
         Death             |     1 |       |       ||     1
